AoeStats
← FloAoE

MegaRandom

509963426Analyzed
3v3 RM · 3d ago on Sep 28, 2026· 41m 16s· 6 players
Game mode
Random Map
Map size
Normal (6 player)
Population
200
Speed
Normal
Resources
Standard
Victory
Conquest
Starting age
Dark Age
Ending age
Imperial Age
RankedLock teamsTeams togetherTeam positionsShared explorationLock speedFull tech treeHidden civsTurbo modeCheats
Victory
Defeat
🇦🇷 Persians · Argentina
1464
+14
🇦🇷 Saxons · Argentina
1441
+15
🇦🇷 Mongols · Argentina
1388
+19
🇹🇷 Mongols · Türkiye
1476
-18
🇩🇪 Muisca · Germany
1426
-16
🇭🇺 Portuguese · Hungary
1375
-14
Churrikos
9:02 Feudal Age
9:34 Double-Bit Axe
10:15 Loom
11:41 Horse Collar
18:22 Fletching
20:32 Padded Archer Armor
23:16 Castle Age
22:09 Gold Mining
23:24 Crossbowman
24:10 Bodkin Arrow
25:23 Town Watch
31:42 Bow Saw
33:03 Heavy Plow
34:18 Wheelbarrow
34:44 Husbandry
34:55 Bloodlines
35:52 Ballistics
40:02 Imperial Age
38:43 Hand Cart
39:22 Town Patrol
39:59 Gold Shaft Mining
41:06 Bracer
41:44 Conscription
Lucio Aurelio Cómodo
6:50 Loom
9:47 Feudal Age
10:37 Double-Bit Axe
12:12 Fletching
13:41 Horse Collar
19:07 Wheelbarrow
23:03 Castle Age
21:44 Padded Archer Armor
21:48 Gold Mining
23:06 Crossbowman
23:43 Bodkin Arrow
23:54 Thumb Ring
24:23 Town Watch
27:35 Leather Archer Armor
33:25 Scale Mail Armor
37:26 Imperial Age
35:19 Chain Mail Armor
36:11 Forging
36:03 Squires
36:58 Arson
36:59 Gambesons
38:41 Iron Casting
38:32 Conscription
37:37 Elite Hearth Troop
38:30 Heavy Plow
38:43 Bow Saw
39:30 Plate Mail Armor
40:08 Bracer
41:19 Caravan
Elian
2:17 Loom
10:38 Feudal Age
18:36 Castle Age
16:51 Bloodlines
16:44 Double-Bit Axe
17:36 Scale Barding Armor
18:02 Forging
17:56 Horse Collar
20:01 Husbandry
20:18 Gold Mining
23:43 Gold Shaft Mining
23:57 Chain Barding Armor
27:06 Iron Casting
26:51 Heavy Plow
30:42 Wheelbarrow
30:20 Bow Saw
36:52 Caravan
41:41 Imperial Age
39:30 Hand Cart
39:02 Town Watch
FloAoE
8:48 Loom
10:57 Feudal Age
11:30 Double-Bit Axe
15:38 Fletching
16:23 Padded Archer Armor
21:32 Castle Age
20:12 Gold Mining
21:36 Crossbowman
22:12 Bodkin Arrow
22:32 Leather Archer Armor
23:19 Bow Saw
31:50 Wheelbarrow
31:24 Horse Collar
36:37 Imperial Age
42:18 Imperial Age
41:31 Ballistics
BAG
7:56 Loom
10:15 Feudal Age
12:39 Double-Bit Axe
12:59 Fletching
23:05 Castle Age
23:43 Bloodlines
23:40 Scale Barding Armor
25:16 Chain Barding Armor
25:07 Forging
29:14 Iron Casting
29:55 Husbandry
33:56 Wheelbarrow
35:56 Horse Collar
39:04 Elite Skirmisher
g_ermeric
8:48 Loom
10:34 Feudal Age
9:49 Loom
11:34 Feudal Age
16:49 Castle Age
14:35 Double-Bit Axe
16:12 Fletching
16:40 Horse Collar
27:05 Padded Archer Armor
27:00 Bodkin Arrow
27:55 Ballistics
29:13 Wheelbarrow
29:11 Leather Archer Armor
34:46 Imperial Age
33:09 Heavy Plow
33:21 Forging
35:12 Bow Saw
34:59 Elite Mangudai
36:44 Chemistry
37:02 Bloodlines
36:59 Scale Barding Armor
38:46 Bracer
Connection lost

Rejoining the realm…

Still unreachable

The connection could not be restored.

Session expired

The server has moved on; the page needs a fresh start.